 Dungeon Crawl Stone Soup version 0.25-a0-424-g80bd347ae0 (webtiles) character file.

Game seed: 10056723708591031782, levelgen mode: deterministic

245 Bikalo the Poker (level 5, -4/42 HPs)
             Began as a Demonspawn Gladiator on Jan 23, 2020.
             Slain by an iguana (5 damage)
             ... on level 4 of the Dungeon.
             The game lasted 00:05:24 (3700 turns).

Bikalo the Poker (Demonspawn Gladiator)             Turns: 3700, Time: 00:05:25

Health: -4/42      AC:  6    Str: 15    XL:     5   Next: 84%
Magic:  5/5        EV: 17    Int:  9    God:
Gold:   165        SH:  0    Dex: 15    Spells: 4/4 levels left

rFire    . . .     SeeInvis .   a - +0 trident
rCold    + . .     Gourm    .   (no shield)
rNeg     . . .     Faith    .   b - +0 leather armour
rPois    .         Spirit   .   c - +0 helmet
rElec    .         Reflect  .   (no cloak)
rCorr    .         Harm     .   e - +0 pair of gloves
MR       .....                  (no boots)
Stlth    +.........             (no amulet)
HPRegen  0.14/turn              h - +4 ring of evasion
MPRegen  0.09/turn              (no ring)

@: lethally poisoned (-4 -> -5)
A: rugged brown scales 1, cold resistance 1, sense surroundings 1, powered by
pain 1, wild magic 1, evolution 1
a: no special abilities


You were on level 4 of the Dungeon.
You were hungry.

You visited 1 branch of the dungeon, and saw 4 of its levels.

You collected 165 gold pieces.

Inventory:

Hand Weapons
 a - a +0 trident (weapon)
Missiles
 p - 3 throwing nets (quivered)
 q - 5 atropa-tipped darts
Armour
 b - a +0 leather armour (worn)
 c - a +0 helmet (worn)
 d - a cursed +0 cloak
 e - a +0 pair of gloves (worn)
Jewellery
 h - a +4 ring of evasion (left hand)
Wands
 o - a wand of enslavement (9)
Scrolls
 g - 7 scrolls of remove curse {unknown}
 i - a scroll of teleportation {unknown}
 j - a scroll of amnesia {unknown}
 k - a scroll of blinking {unknown}
 n - a scroll of fog {unknown}
Potions
 l - a potion of mutation
 m - a potion of might {unknown}
 r - a potion of flight {unknown}
Comestibles
 f - a ration


   Skills:
 + Level 3.3 Fighting
 * Level 4.5 Polearms
 + Level 2.4 Throwing
 + Level 3.6 Dodging


You had 4 spell levels left.
You didn't know any spells.
Your spell library was empty.

Dungeon Overview and Level Annotations

Branches:
Dungeon (4/15)
 Temple: D:4-7

Altars:
Nemelex Xobeh
Sif Muna
Yredelemnul


Innate Abilities, Weirdness & Mutations

You are partially covered in rugged brown scales. (AC +1, +3% HP)
You sometimes gain a little power by taking damage.
Your flesh is cold resistant. (rC+)
You passively map a small area around you.
Your spells are a little harder to cast, but a little more powerful.
You evolve.


Message History

You feel sick. The iguana bites you.
You barely miss the iguana.
The iguana is lightly wounded.
The iguana bites you! The iguana misses you.
You hit the iguana.
The iguana is moderately wounded.
The iguana bites you.
* * * LOW HITPOINT WARNING * * *
You hit the iguana.
The iguana is heavily wounded.
The iguana bites you!
* * * LOW HITPOINT WARNING * * *
It was a potion of mutation.
You feel extremely strange.
You feel less in control of your magic.
You feel a strange attunement to the structure of the dungeons.
You feel nature experimenting on you.
Don't worry, failures die fast.
You feel resistant to cold.
* * * LOW HITPOINT WARNING * * *
You feel sick. The iguana bites you.
You die...

, * #####.###
* , .......<#
# # * *, *
#######.#.#.#
##+#####
#.#w#..oo
#......#
#.....# *
#..=...#
#.#.#.#
#......#
#..#.#.#
#####l#####
#. #.# #** *
#.....@# * #.
#.# *
#......# ,.
#.#, #......#
.# #.#,
*#......# #.#
#......# #.#
, , ,
#####'## , ,
, #.....#
#.....#
*#.....#


You could see an iguana.

Vanquished Creatures
  2 howler monkeys (D:4)
  Crazy Yiuf (D:3)
  An orc wizard (D:4)
  A worker ant (D:4)
  3 adders
  3 worms
  2 dart slugs (D:1)
  A leopard gecko (D:1)
  2 orcs (D:4)
  6 bats
  A giant cockroach (D:3)
  11 goblins
  3 hobgoblins
  A quokka (D:3)
  A ball python (D:3)
  2 frilled lizards
  3 kobolds
  10 rats
54 creatures vanquished.

Notes
Turn   | Place    | Note
-------+----------+-------------------------------------------
     0 | D:1      | Bikalo the Demonspawn Gladiator began the quest for the
                  | Orb.
     0 | D:1      | Reached XP level 1. HP: 16/16 MP: 1/1
   343 | D:1      | Reached skill level 3 in Polearms
   353 | D:1      | Gained mutation: You are partially covered in rugged brown
                  | scales. (AC +1, +3% HP) [demonic ancestry]
   353 | D:1      | Reached XP level 2. HP: 10/22 MP: 2/2
  1048 | D:2      | Found a faded altar of an unknown god.
  1169 | D:2      | Gained mutation: You sometimes gain a little power by
                  | taking damage. [demonic ancestry]
  1169 | D:2      | Reached XP level 3. HP: 27/28 MP: 3/3
  1195 | D:2      | Noticed a hippogriff
  1677 | D:3      | Found a runed translucent door.
  1678 | D:3      | Noticed Crazy Yiuf
  2105 | D:3      | Reached XP level 4. HP: 35/35 MP: 4/4
  2225 | D:3      | Found a sparkling altar of Nemelex Xobeh.
  2358 | D:3      | HP: 1/35 [Crazy Yiuf/+4 quarterstaff of chaos (6)]
  2360 | D:3      | Killed Crazy Yiuf
  2865 | D:4      | Found a basalt altar of Yredelemnul.
  2948 | D:4      | Found a shimmering blue altar of Sif Muna.
  2964 | D:4      | Reached skill level 4 in Polearms
  2964 | D:4      | Reached XP level 5. HP: 34/42 MP: 5/5
  3699 | D:4      | HP: 2/42 [iguana (8)]
  3700 | D:4      | Gained mutation: Your spells are a little harder to cast,
                  | but a little more powerful. [potion of mutation]
  3700 | D:4      | Gained mutation: You passively map a small area around you.
                  | [potion of mutation]
  3700 | D:4      | Gained mutation: You evolve. [potion of mutation]
  3700 | D:4      | Gained mutation: Your flesh is cold resistant. (rC+)
                  | [potion of mutation]
  3700 | D:4      | Slain by an iguana

Levels and vault maps discovered:
D:1:      beargit_arrival_greenhouse, layout_rooms, minmay_stone_trees_small
D:2:      layout_basic, chequers_ecumenical_altar_grove
D:3:      layout_loops_corners, nemelex_xobeh_ov_fountains_minmay,
          uniq_crazy_yiuf_cottage
D:4:      layout_basic, xom_butterflies, kennysheep_vampire_church,
          lemuel_crystal_altar, first_ration, led_sif_book, uniq_purgy,
          uniq_pikel

Skill      XL: |  1  2  3  4 |
---------------+-------------+-----
Polearms       | 3 4 |  4.5
Dodging        | 3 |  3.6
Throwing       | 2 |  2.4
Fighting       | 3 |  3.3

Action                   |  1- 3 |  4- 6 || total
-------------------------+-------+-------++-------
Melee: Trident           |   162 |    83 ||   245
Throw: Throwing net      |       |     3 ||     3
       Dart              |       |     2 ||     2
  Use: Potion            |       |     1 ||     1
 Stab: Sleeping          |     1 |       ||     1
       Distracted        |     1 |       ||     1
       Invisible         |       |     1 ||     1
  Eat: Chunk             |     4 |     1 ||     5
       Ration            |       |     1 ||     1
Armor: Leather armour    |    46 |    14 ||    60
Dodge: Dodged            |    96 |    48 ||   144

Table legend:
 A = Non-vault XP
 B = Vault XP
 C = Vault XP percentage of total XP
 D = Non-vault monster count
 E = Vault monster count
 F = Vault count percentage of total count
                 A         B        C        D         E       F
            +---------+---------+-------+---------+---------+-------
      Total |     310 |      41 |  11.7 |      53 |       1 |   1.9
            +---------+---------+-------+---------+---------+-------
        D:1 |      35 |       0 |   0.0 |      19 |       0 |   0.0
        D:2 |       7 |       0 |   0.0 |       5 |       0 |   0.0
        D:3 |      61 |      41 |  40.2 |      21 |       1 |   4.5
        D:4 |     207 |       0 |   0.0 |       8 |       0 |   0.0
            +---------+---------+-------+---------+---------+-------
